 Dungeon Crawl Stone Soup version 0.21-a0-515-g8d4ebbe138 (webtiles) character file.

343 RaHiT the Covert (level 6, 0/44 HPs)
             Began as a Vampire Assassin on Dec 3, 2017.
             Succumbed to dricus's ghost's poison
             ... on level 3 of the Dungeon.
             The game lasted 00:13:03 (2405 turns).

RaHiT the Covert (Vampire Assassin)                 Turns: 2405, Time: 00:13:04

Health: 0/44       AC: 13    Str: 15    XL:     6   Next: 31%
Magic:  6/6        EV: 14    Int: 19    God:
Gold:   144        SH:  0    Dex: 17    Spells: 5/5 levels left

rFire    . . .     SeeInvis +   a - +2 dagger
rCold    . . .     Gourm    .   (no shield)
rNeg     . . .     Faith    .   t - +3 leather armour
rPois    .         Spirit   .   (no helmet)
rElec    .         Reflect  .   d - +0 cloak
rCorr    .         Harm     .   p - +2 pair of gloves
MR       .....                  y - +2 pair of boots
Stlth    ++++......             (no amulet)
HPRegen  0.34/turn              (no ring)
MPRegen  0.10/turn              (no ring)

@: mighty, brilliant, lethally poisoned (0 -> -8), regenerating quickly
A: fangs 3, see invisible, unbreathing
a: no special abilities


You were on level 3 of the Dungeon.
You were almost alive.

You visited 1 branch of the dungeon, and saw 3 of its levels.

You collected 144 gold pieces.

Inventory:

Hand Weapons
 a - a +2 dagger (weapon)
 b - a +0 blowgun
 l - a cursed -3 dagger
Missiles
 e - 21 poisoned needles
 f - 2 curare-tipped needles
 w - a needle of confusion
Armour
 c - a +0 robe
 d - a +0 cloak (worn)
 p - a +2 pair of gloves (worn)
 t - a +3 leather armour (worn)
 u - a +0 shield
 y - a +2 pair of boots (worn)
Scrolls
 i - a scroll of enchant armour {unknown}
 k - 3 scrolls of remove curse
 n - 3 scrolls of identify {unknown}
 o - a scroll of random uselessness {unknown}
 q - a scroll of magic mapping {unknown}
 s - a scroll of fog {unknown}
 v - a scroll of fear {unknown}
 x - a scroll of amnesia {unknown}
Potions
 h - a potion of might
 m - 13 potions of blood


   Skills:
 - Level 2.0 Fighting
 + Level 4.4 Short Blades
 - Level 2.0 Throwing
 + Level 3.9 Dodging
 + Level 8.1 Stealth


You had 5 spell levels left.
You didn't know any spells.

Dungeon Overview and Level Annotations

Branches:
Dungeon (3/15)

Altars:


Innate Abilities, Weirdness & Mutations

Your natural rate of healing is unusually fast.
You have razor-sharp teeth.
You have supernaturally acute eyesight. (SInv)
You can survive without breathing.


Message History

Your base attributes are Str 10, Int 14, Dex 16.
Increase (S)trength, (I)ntelligence, or (D)exterity?
You feel agile.
* * * LOW HITPOINT WARNING * * *
You feel sick.
Yummy - fresh blood!
* * * LOW HITPOINT WARNING * * *
You feel sick.
* * * LOW HITPOINT WARNING * * *
You feel sick.
* * * LOW HITPOINT WARNING * * *
You feel sick.
Things that are here:
a club; a goblin corpse; a rat corpse
* * * LOW HITPOINT WARNING * * *
You feel sick.
You see here 2 needles of confusion.
As you read the scroll labeled JOEM EHEVEKEU, it crumbles to dust.
You feel blessed for a moment.
It was a scroll of remove curse.
You die...

########........# #
................####
....................
....#####.###.........####
###......##.###'######### #
........'...........# #
#.g....##..........# #
#......#...........# ####
#......#<@.........# #...
#......#)..........####...
.##......#..................
........g....................
...#########.................
. .........................
...#####'########........
#....# #......## #....#
#......#


There were no monsters in sight!

Vanquished Creatures
  The ghost of dricus the Insei, an amateur MfTm (D:3)
  A water moccasin skeleton (D:2)
  An orc priest (D:3)
  Jessica (D:2)
  An orc wizard (D:3)
  2 adders (D:2)
  4 gnolls (D:2)
  A worm (D:2)
  2 dart slugs
  A leopard gecko (D:1)
  4 orcs (D:3)
  2 ball pythons (D:2)
  3 giant cockroaches (D:1)
  10 goblins
  5 hobgoblins
  3 jackals (D:3)
  5 kobolds
  A quokka (D:2)
  6 bats
  7 frilled lizards
  12 rats
73 creatures vanquished.

Notes
Turn   | Place    | Note
-------+----------+-------------------------------------------
     0 | D:1      | RaHiT the Vampire Assassin began the quest for the Orb.
     0 | D:1      | Reached XP level 1. HP: 16/16 MP: 1/1
    77 | D:1      | Reached skill level 6 in Stealth
   111 | D:1      | Reached XP level 2. HP: 22/22 MP: 2/2
   532 | D:1      | Reached XP level 3. HP: 26/27 MP: 3/3
   707 | D:2      | Noticed Jessica
   711 | D:2      | Killed Jessica
   786 | D:2      | Reached XP level 4. HP: 28/33 MP: 4/4
   938 | D:2      | Reached skill level 7 in Stealth
  1289 | D:2      | Reached XP level 5. HP: 38/38 MP: 5/5
  2224 | D:3      | Noticed dricus's ghost (amateur MfTm)
  2400 | D:3      | Killed dricus's ghost
  2400 | D:3      | Reached skill level 8 in Stealth
  2400 | D:3      | Reached XP level 6. HP: 6/44 MP: 6/6
  2402 | D:3      | HP: 2/44 [poisoned by dricus's ghost]
  2405 | D:3      | Succumbed to dricus's ghost's poison

Vault maps used:
D:1:      dpeg_arrival_pond, minivault_5
D:2:      minmay_wonky_spiral, uniq_jessica
D:3:      first_bread, minmay_tree_intersection

Skill      XL: |  1  2  3  4  5 |
---------------+----------------+-----
Stealth        | 6 7 8 |  8.1
Fighting       | 2 |  2.0
Throwing       | 2 |  2.0
Short Blades   | 3 4 |  4.4
Dodging        | 2 3 |  3.9

Action                   |  1- 3 |  4- 6 || total
-------------------------+-------+-------++-------
Melee: Dagger            |    85 |   142 ||   227
       Bite              |     7 |    14 ||    21
 Fire: Blowgun           |     5 |    24 ||    29
  Use: Potion            |     9 |    14 ||    23
       Scroll            |       |     1 ||     1
 Stab: Sleeping          |     6 |     8 ||    14
       Confused          |       |     1 ||     1
Armor: Robe              |    18 |     2 ||    20
       Leather armour    |       |    48 ||    48
Dodge: Dodged            |    40 |    80 ||   120

Table legend:
 A = Spawn XP
 B = Non-spawn XP
 C = Spawn XP percentage of total XP
 D = Spawn monster count
 E = Non-spawn monster count
 F = Spawn count percentage of total count
 G = Total turns spent on level
                    A         B        C        D         E        F      G
               +---------+---------+-------+---------+---------+-------+---------
         Total |       0 |     491 |   0.0 |       0 |      73 |   0.0 |  2405
               +---------+---------+-------+---------+---------+-------+---------
           D:1 |       0 |      48 |   0.0 |       0 |      28 |   0.0 |   687
           D:2 |       0 |     221 |   0.0 |       0 |      26 |   0.0 |  1061
           D:3 |       0 |     222 |   0.0 |       0 |      19 |   0.0 |   657
               +---------+---------+-------+---------+---------+-------+---------
